 Dungeon Crawl Stone Soup version bcrawl-1.21.2-28-g2cb1824106 (webtiles) character file.

Game seed: 7847811267345367568

806 MisterOstroum the Skirmisher (level 7, -2/61 HPs)
             Began as an Oni Wizard on Mar 7, 2020.
             Was a Follower of Qazlal.
             Slain by Grinder the hell hound (9 damage)
             ... on level 4 of the Dungeon.
             The game lasted 00:11:34 (5876 turns).

MisterOstroum the Skirmisher (Oni Wizard)           Turns: 5876, Time: 00:11:34

Health: -2/61      AC:  4    Str:  8 (11) XL:     7   Next: 91%
Magic:  0/15       EV: 15    Int: 18 (21) God:    Qazlal [*.....]
Gold:   265        SH:  2    Dex:  8 (9)  Spells: 3/14 levels left

rFire    + . .     SeeInvis .   m - +0 staff
rCold    . . .     Gourm    .   (no shield)
rNeg     . . .     Faith    .   t - +0 animal skin
rPois    .         Spirit   .   c - +0 hat
rElec    .         Reflect  .   (no cloak)
rCorr    .         Harm     .   (no gloves)
MR       +....                  (no boots)
Stlth    ++........             (no amulet)
HPRegen  0.20/turn              l - +3 ring of evasion
MPRegen  0.14/turn              z - ring of protection from magic

@: no status effects
A: oni magic, claws 1, fangs 1, horns 1, iridescent scales 1, fire resistance 1,
sturdy frame 1
a: Renounce Religion


You were on level 4 of the Dungeon.
You worshipped Qazlal.
Qazlal was aware of your devotion.
You were not hungry.

You visited 1 branch of the dungeon, and saw 4 of its levels.

You collected 265 gold pieces.

Inventory:

Hand Weapons
 a - a +0 dagger
 b - a +0 blowgun
 d - a +0 war axe
 m - a +0 staff (weapon)
Missiles
 h - 938 stones (quivered)
 o - 198 bolts
 p - 318 arrows
 u - 314 poisoned needles
Armour
 c - a +0 hat (worn)
 t - a +0 animal skin (worn)
 y - a +0 pair of gloves
 C - the +1 ring mail of the Maze {Regen+ Int+2, unknown}
   (You found it on level 4 of the Dungeon)

   It affects your intelligence (+2).
   It increases your rate of regeneration.
Jewellery
 l - a +3 ring of evasion (left claw)
 z - a ring of protection from magic (right claw)
 E - an uncursed ring of positive energy
Wands
 F - a wand of polymorph (13)
Scrolls
 g - a scroll of fog {unknown}
 i - a scroll of immolation {unknown}
 j - 4 scrolls of identify {unknown}
 k - 2 scrolls of teleportation {unknown}
 n - a scroll of enchant weapon {unknown}
 q - 5 scrolls of remove curse {unknown}
 r - a scroll of blinking {unknown}
 s - 2 scrolls of enchant armour {unknown}
 v - a scroll of noise {unknown}
 x - a scroll of amnesia {unknown}
Potions
 f - a potion of brilliance
 w - a potion of ambrosia {unknown}
 A - a potion of resistance
 B - 2 potions of degeneration
Comestibles
 e - 3 rations {!d}


   Skills:
 - Level 5.0 Fighting
 + Level 3.2 Dodging
 - Level 3.0 Stealth
 * Level 4.3 Spellcasting
   Level 4.3 Conjurations
   Level 4.3 Hexes
   Level 4.3 Charms
   Level 4.3 Summonings
   Level 4.3 Necromancy
   Level 4.3 Translocations
   Level 4.3 Transmutations
   Level 4.3 Fire Magic
   Level 4.3 Ice Magic
   Level 4.3 Air Magic
   Level 4.3 Earth Magic
   Level 4.3 Poison Magic


You had 3 spell levels left.
You knew the following spells:

 Your Spells              Type           Power        Failure   Level  Hunger
a - Magic Dart            Conj           ###.         1%          1    None
b - Poisonous Vapours     Pois/Air       ###...       3%          2    ##.....
c - Conjure Flame         Conj/Fire      ###.....     7%          3    ###....
d - Mephitic Cloud        Conj/Pois/Air  ###.....     8%          3    ###....
B - Blink                 Tloc           N/A          2%          2    ##.....

Your spell library contained the following spells:

 Spells                   Type           Power        Failure   Level  Hunger
 Animate Skeleton         Necr           N/A          1%          1    None
 Call Imp                 Summ           ###...       2%          2    ##.....
 Sublimation of Blood     Necr           ###.......   2%          2    ##.....
 Spider Form              Tmut/Pois      ###          7%          3    ###....


Dungeon Overview and Level Annotations

Branches:
Dungeon (4/12)
 Temple: D:4-7

Altars:
Ashenzari
Nemelex Xobeh
Qazlal

Annotations:
D:2 1 runed door, exclusion: door
D:4 Grinder


Innate Abilities, Weirdness & Mutations

You learn spells by gaining experience, not through books or religion.
You only train spellcasting to practice magic.
You have sharp fingernails.
You have very sharp teeth.
You have a pair of small horns on your head.
You are partially covered in iridescent scales. (AC +2)
Your flesh is heat resistant. (rF+)
Your movements are slightly less encumbered by armour. (ER -2)


Message History

Confirm with . or Enter, or press ? or * to list all spells.
Aiming: Magic Dart (safe; 1% risk of failure)
Press: ? - help, Shift-Dir - straight line, f/p - Grinder
Aim: Grinder (lightly wounded)
The magic dart hits Grinder.
Grinder is lightly wounded.
Grinder gestures at you. Pain shoots through your body!
Okay, then.
Evoke which item? (* to show all) (? for menu, Esc to quit)
Aiming: Polymorph
Press: ? - help, Shift-Dir - straight line, f/p - Grinder
Aim: Grinder (lightly wounded, chance to defeat MR: 46%) Grinder resists with some effort.
Your magical contamination has completely faded away.
Casting: Magic Dart (safe; 1% risk of failure)
Confirm with . or Enter, or press ? or * to list all spells.
Aiming: Magic Dart (safe; 1% risk of failure)
Press: ? - help, Shift-Dir - straight line, f/p - Grinder
Aim: Grinder (lightly wounded)
The magic dart hits Grinder but does no damage.
Grinder is lightly wounded.
Grinder gestures at you. You resist with almost no effort.
Evoke which item? (* to show all) (? for menu, Esc to quit)
Aiming: Polymorph
Press: ? - help, Shift-Dir - straight line, f/p - Grinder
Aim: Grinder (lightly wounded, chance to defeat MR: 46%) Grinder evaporates and reforms as a hell hound!
Press: ? - help, v - describe, . - travel
Here: Grinder the hell hound The floor.
Grinder breathes flames at you. You resist. The blast of flame hits you!
It was a potion of degeneration.
There was something very wrong with that liquid.
You feel weakened.
You feel dopey.
You feel clumsy.
You hit Grinder but do no damage. Grinder barely misses you.
Grinder breathes flames at you. The blast of flame misses you.
Casting: Magic Dart (safe; 1% risk of failure)
Confirm with . or Enter, or press ? or * to list all spells.
Aiming: Magic Dart (safe; 1% risk of failure)
Press: ? - help, Shift-Dir - straight line, f/p - Grinder
Aim: Grinder the hell hound (catching its breath)
The magic dart hits Grinder.
Grinder is lightly wounded.
You block Grinder's attack. Grinder bites you.
You closely miss Grinder.
Grinder is lightly wounded.
Grinder closely misses you.
You hit Grinder.
Grinder is moderately wounded.
Grinder bites you! Grinder barely misses you.
Casting: Magic Dart (safe; 1% risk of failure)
Confirm with . or Enter, or press ? or * to list all spells.
Aiming: Magic Dart (safe; 1% risk of failure)
Press: ? - help, Shift-Dir - straight line, f/p - Grinder
Aim: Grinder the hell hound (moderately wounded)
The magic dart hits Grinder.
Grinder is moderately wounded.
Grinder bites you but does no damage. Grinder barely misses you.
Casting: Magic Dart (safe; 1% risk of failure)
Confirm with . or Enter, or press ? or * to list all spells.
Aiming: Magic Dart (safe; 1% risk of failure)
Press: ? - help, Shift-Dir - straight line, f/p - Grinder
Aim: Grinder the hell hound (moderately wounded)
The magic dart hits Grinder.
Grinder is heavily wounded.
Grinder breathes flames at you. The blast of flame misses you.
Evoke which item? (* to show all) (? for menu, Esc to quit)
Aiming: Polymorph
Press: ? - help, Shift-Dir - straight line, f/p - Grinder
Aim: Grinder the hell hound (heavily wounded, catching its breath, chance to defeat MR: 46%)
Okay, then.
You hit Grinder. You bite Grinder, but do no damage.
Grinder is severely wounded.
Grinder bites you. Grinder barely misses you.
You barely miss Grinder.
Grinder is severely wounded.
Grinder bites you. Grinder misses you.
You hit Grinder.
Grinder is severely wounded.
Grinder bites you. Grinder bites you!
* * * LOW HITPOINT WARNING * * *
Casting: Magic Dart (safe; 1% risk of failure)
Confirm with . or Enter, or press ? or * to list all spells.
Aiming: Magic Dart (safe; 1% risk of failure)
Press: ? - help, Shift-Dir - straight line, f/p - Grinder
Aim: Grinder the hell hound (severely wounded)
The magic dart hits Grinder but does no damage.
Grinder is severely wounded.
Grinder breathes flames at you. You resist. The blast of flame hits you.
* * * LOW HITPOINT WARNING * * *
You hit Grinder.
Grinder is almost dead.
Grinder misses you. Grinder bites you!
You die...

#.##.## 5#...##
..... †.. ..^# #!#
##..## #.# ....
#.## #..# #.h#
#..# ##@# #####..#
#.# .......####
#.# ...<>.....#
#.# .####.###<#
#.# ## #.# #.# #.#
# #.###.## #.# #
#.##.#.## #.#
#####.#.###.####.#


You could see Grinder the hell hound.

Vanquished Creatures
  An ogre (D:4)
  A centaur (D:3)
  A bullfrog (D:3)
  2 howler monkeys (D:4)
  4 crimson imps
  2 hounds
  Jessica (D:2)
  Terence (D:3)
  A worker ant (D:4)
  4 gnolls (D:3)
  6 adders
  2 oozes
  3 worms
  2 dart slugs
  5 leopard geckos
  11 orcs
  A ball python (D:3)
  3 giant cockroaches
  10 goblins
  14 hobgoblins
  3 jackals
  16 kobolds
  4 quokkas
  5 bats
  5 frilled lizards
  A jackal skeleton (D:4)
  5 rats
114 creatures vanquished.

Notes
Turn   | Place    | Note
-------+----------+-------------------------------------------
     0 | D:1      | MisterOstroum the Oni Wizard began the quest for the Orb.
     0 | D:1      | Reached XP level 1. HP: 14/14 MP: 5/5
   124 | D:1      | Reached XP level 2. HP: 4/20 MP: 0/7
   848 | D:1      | Reached XP level 3. HP: 26/26 MP: 6/8
  1010 | D:1      | Reached skill level 1 in Fighting
  1194 | D:1      | Learned a level 2 spell: Blink
  1594 | D:2      | Found a shattered altar of Ashenzari.
  1678 | D:2      | Gained mutation: Your flesh is heat resistant. (rF+)
                  | [potion of mutation]
  1678 | D:2      | Gained mutation: Your movements are slightly less
                  | encumbered by armour. (ER -2) [potion of mutation]
  1678 | D:2      | Gained mutation: You are partially covered in iridescent
                  | scales. (AC +2) [potion of mutation]
  1891 | D:2      | Reached XP level 4. HP: 28/36 MP: 2/9
  2005 | D:2      | Found a stormy altar of Qazlal.
  2005 | D:2      | Found a sparkling altar of Nemelex Xobeh.
  2010 | D:2      | Noticed Jessica
  2019 | D:2      | Became a worshipper of Qazlal Stormbringer
  2024 | D:2      | Reached skill level 2 in Fighting
  2423 | D:2      | Found a faded altar of an unknown god.
  2774 | D:2      | Found a runed door.
  2849 | D:2      | Killed Jessica
  3062 | D:3      | Reached XP level 5. HP: 34/44 MP: 7/10
  3363 | D:3      | Reached skill level 3 in Fighting
  3732 | D:3      | Reached * piety under Qazlal
  3762 | D:3      | Noticed a centaur
  3775 | D:3      | Killed a centaur
  3775 | D:3      | Reached skill level 4 in Fighting
  3775 | D:3      | Reached XP level 6. HP: 45/52 MP: 4/12
  3823 | D:2      | Learned a level 2 spell: Poisonous Vapours
  3827 | D:2      | Learned a level 3 spell: Conjure Flame
  3831 | D:2      | Learned a level 3 spell: Mephitic Cloud
  4722 | D:3      | Noticed Terence
  4729 | D:3      | Killed Terence
  4729 | D:3      | Reached skill level 5 in Fighting
  5105 | D:3      | Reached XP level 7. HP: 52/61 MP: 4/14
  5401 | D:4      | Got a jewelled ring mail
  5855 | D:4      | Noticed Grinder
  5863 | D:4      | Noticed Grinder
  5863 | D:4      | Grinder changed into Grinder the hell hound
  5876 | D:4      | Slain by Grinder the hell hound

Skill      XL: |  1  2  3  4  5  6  7 |
---------------+----------------------+-----
Stealth        | 2 3 |  3.0
Fighting       | 1 2 4 5 |  5.0
Spellcasting   | 3 4 |  4.3
Dodging        | 2 3 |  3.2
Conjurations   | |  4.3
Hexes          | |  4.3
Charms         | |  4.3
Summonings     | |  4.3
Necromancy     | |  4.3
Translocations | |  4.3
Transmutations | |  4.3
Fire Magic     | |  4.3
Ice Magic      | |  4.3
Air Magic      | |  4.3
Earth Magic    | |  4.3
Poison Magic   | |  4.3

Action                   |  1- 3 |  4- 6 |  7- 9 || total
-------------------------+-------+-------+-------++-------
Melee: Staff             |    10 |    17 |    25 ||    52
       Dagger            |    30 |    87 |     4 ||   121
       Headbutt          |     5 |    11 |     4 ||    20
       Bite              |     2 |     7 |     1 ||    10
       Unarmed           |       |     8 |       ||     8
       War axe           |       |       |     5 ||     5
 Fire: Blowgun           |       |    17 |       ||    17
 Cast: Magic Dart        |    92 |   125 |    41 ||   258
       Blink             |     1 |       |       ||     1
       Poisonous Vapours |       |    24 |    16 ||    40
Evoke: Wand              |       |       |     2 ||     2
  Use: Potion            |     3 |     1 |     1 ||     5
 Stab: Sleeping          |     2 |     4 |       ||     6
  Eat: Chunk             |     3 |    11 |     3 ||    17
Armor: Animal skin       |    10 |    34 |     7 ||    51
       Skin              |       |    10 |       ||    10
Dodge: Dodged            |    32 |   120 |    29 ||   181
Block: Other             |       |     3 |     3 ||     6
